AoeStats
← owengold23

Four Lakes

509496808Analyzed
1v1 RM · 6d ago on Sep 27, 2026· 49m 30s· 2 players
Game mode
Random Map
Map size
Tiny (2 player)
Population
200
Speed
Normal
Resources
Standard
Victory
Conquest
Starting age
Dark Age
Ending age
Imperial Age
RankedLock teamsTeams togetherTeam positionsShared explorationLock speedFull tech treeHidden civsTurbo modeCheats
Victory
Defeat
🇲🇽 Britons · Mexico
1585
+18
🇦🇺 Tatars · Australia
1637
-18
Wazded
8:21 Loom
10:26 Feudal Age
14:03 Castle Age
14:01 Double-Bit Axe
23:46 Town Watch
25:08 Wheelbarrow
26:01 Horse Collar
30:38 Imperial Age
29:15 Bow Saw
29:19 Fletching
29:51 Ballistics
30:58 Bodkin Arrow
32:32 Chemistry
33:06 Padded Archer Armor
33:38 Masonry
33:51 Bracer
34:54 Leather Archer Armor
34:03 Pikeman
35:08 Elite Longbowman
36:28 Hand Cart
36:25 Heavy Plow
37:12 Ring Archer Armor
37:14 Cavalier
39:07 Scale Barding Armor
39:13 Forging
39:22 Husbandry
39:46 Conscription
39:48 Yeomen
39:58 Light Cavalry
40:57 Halberdier
44:18 Hoardings
45:15 Arson
47:26 Chain Barding Armor
50:41 Plate Barding Armor
owengold23
6:54 Loom
9:43 Feudal Age
10:13 Double-Bit Axe
16:46 Castle Age
16:01 Padded Archer Armor
15:54 Fletching
16:55 Elite Skirmisher
17:36 Padded Archer Armor
18:02 Fishing Lines
18:36 Bodkin Arrow
19:10 Medium Warships
21:00 Town Watch
23:17 Wheelbarrow
24:41 Gillnets
25:57 Bow Saw
33:57 Imperial Age
32:11 Leather Archer Armor
32:47 Masonry
33:06 Bloodlines
33:03 Scale Barding Armor
33:06 Gold Mining
34:23 Chain Barding Armor
34:49 Bracer
35:15 Ballistics
35:56 Chemistry
34:26 Cavalier
36:18 Ring Archer Armor
37:10 Plate Barding Armor
41:07 Forging
42:26 Horse Collar
43:06 Light Cavalry
43:47 Husbandry
44:04 Guilds
45:08 Timurid Siegecraft
44:23 Hussar
45:25 Conscription
Connection lost

Rejoining the realm…

Still unreachable

The connection could not be restored.

Session expired

The server has moved on; the page needs a fresh start.